Workbook
Name __xlfn_AVERAGEIF: #N/A
Name ag: #REF!
Name ag: #REF!
Name ag: #REF!
Name BBB: #REF!
Name BBB: #REF!
Name BBB: #REF!
Name BuiltIn_Print_Area: NA()
Name BuiltIn_Print_Titles: NA()
Name cociente: #REF!
Name cociente: #REF!
Name cociente: #REF!
Name COCIENTE1: #REF!
Name COCIENTE1: #REF!
Name COCIENTE1: #REF!
Name COCIENTE7: #REF!
Name COCIENTE7: #REF!
Name COCIENTE7: #REF!
Name COCIENTE8: #REF!
Name COCIENTE8: #REF!
Name COCIENTE8: #REF!
Name COCIENTE9: #REF!
Name COCIENTE9: #REF!
Name COCIENTE9: #REF!
Name dos: #REF!
Name dos: #REF!
Name dos: #REF!
Name Excel_BuiltIn_Print_Area_1_1: #REF!
Name Excel_BuiltIn_Print_Area_1_1: #REF!
Name Excel_BuiltIn_Print_Area_1_1: #REF!
Name Excel_BuiltIn_Print_Area_10: "$#REF!.$A$1:$G$17"
Name Excel_BuiltIn_Print_Area_10_1: "$#REF!.$A$1:$G$16"
Name Excel_BuiltIn_Print_Area_11: "$#REF!.$A$1:$G$24"
Name Excel_BuiltIn_Print_Area_3: "$#REF!.$A$1:$G$30"
Name Excel_BuiltIn_Print_Area_3_1: "$#REF!.$A$1:$G$36"
Name Excel_BuiltIn_Print_Area_5: "$#REF!.$A$6:$F$41"
Name Excel_BuiltIn_Print_Area_5_1: "$#REF!.$A$6:$F$40"
Name Excel_BuiltIn_Print_Area_5_1_1: "$#REF!.$A$7:$F$41"
Name Excel_BuiltIn_Print_Area_5_1_1_1: "$#REF!.$A$1:$G$16"
Name Excel_BuiltIn_Print_Area_6: "$#REF!.$A$1:$G$74"
Name Excel_BuiltIn_Print_Area_7: "$#REF!.$A$1:$G$54"
Name Excel_BuiltIn_Print_Area_8: "$#REF!.$A$1:$G$29"
Name Excel_BuiltIn_Print_Titles_1_1: #REF!
Name Excel_BuiltIn_Print_Titles_1_1: #REF!
Name Excel_BuiltIn_Print_Titles_1_1: #REF!
Name Excel_BuiltIn_Print_Titles_1_1_1: #REF!
Name Excel_BuiltIn_Print_Titles_1_1_1: #REF!
Name Excel_BuiltIn_Print_Titles_1_1_1: #REF!
Name Excel_BuiltIn_Print_Titles_1_1_1_1: #REF!
Name Excel_BuiltIn_Print_Titles_1_1_1_1: #REF!
Name Excel_BuiltIn_Print_Titles_1_1_1_1: #REF!
Name Excel_BuiltIn_Print_Titles_3: "$#REF!.$A$1:$IV$5"
Name Excel_BuiltIn_Print_Titles_3_1: "$#REF!.$A$1:$IP$5"
Name Excel_BuiltIn_Print_Titles_5: "$#REF!.$A$1:$IV$5"
Name Excel_BuiltIn_Print_Titles_6: "$#REF!.$A$1:$IP$5"
Name Excel_BuiltIn_Print_Titles_7: "$#REF!.$A$1:$IP$5"
Name hb: #REF!
Name hb: #REF!
Name hb: #REF!
Name matriz: #REF!

Sheet Listas
A1: CARGOS: | B1: CUMPLE | C1: TITULOS | D1: TIPO DE CONTRATO EN EJECUCIÓN | E1: CRITERIOS TÉCNICOS Y DE CALIFICACIÓN | K1: EXPERIENCIA SUBSANABLE
A2: - | B2: - | C2: - | D2: Propio | E2: - | F2: - | G2: 0 | H2: 0 | I2: - | J2: - | K2: -
A3: DIRECTOR DE OBRA (50%) | B3: SI | C3: PREGRADO | D3: Suscrito por sociedad | E3: CRITERIOS TÉCNICOS Y DE CALIDAD | F3: Mayor acompañamiento Director de Obra | G3: 0.6 | H3: 100 | I3: HABILITANTE | J3: HABILITADO | K3: ESPECIALIZACIÓN | L3: 2 años
A4: MAYOR PERMANENCIA DIRECTOR DE OBRA | B4: NO | C4: PREGRADO + ESPECIALIZACIÓN | D4: Suscrito por consorcio | G4: 0.7 | H4: 120 | I4: NO HABILITANTE | J4: NO HABILITADO | K4: MAESTRIA | L4: 3 años
A5: RESIDENTE DE OBRA | C5: PREGRADO + ESPECIALIZACIÓN + MAESTRIA | D5: Suscrito por unión temporal | G5: 0.8 | H5: 150 | I5: PUNTAJE
A6: RESIDENTE ADMINISTRATIVO | C6: PREGRADO + ESPECIALIZACIÓN + MAESTRIA + DOCTORADO | G6: 0.9 | H6: 180 | I6: CUMPLE
A7: RESIDENTE DE ARQUEOLOGÍA | C7: PREGRADO + MAESTRIA | G7: 1 | H7: 200 | I7: NO CUMPLE
A8: HSEQ | C8: PREGRADO + MAESTRIA + DOCTORADO | E8: OFERTA ECONÓMICA | F8: Valor oferta económica | G8: 700 | H8: 700
A9: ASESOR ESTRUCTURAL | E9: ESTIMULO A LA INDUSTRIA NACIONAL | F9: Bienes y/o servicios nacionales | G9: 100 | H9: 100
A10: ASESOR ELÉCTRICO | F10: Bienes y/o servicios extranjeros | G10: 50 | H10: 50
A11: ASESOR HIDRÁULICO | F11: Media Aritmética | G11: - | H11: -
F12: Media Aritmética Alta
F13: Media Geométrica
F14: Menor Valor

Sheet HISTORICO SMMLV
A1: Año | B1: Salario mínimo mensual | C1: Incremento %
A2: 1997 | B2: 172005 | C2: 0.21
A3: 1998 | B3: 203826 | C3: 0.185
A4: 1999 | B4: 236460 | C4: 0.16
A5: 2000 | B5: 260100 | C5: 0.1
A6: 2001 | B6: 286000 | C6: 0.1
A7: 2002 | B7: 309000 | C7: 0.08
A8: 2003 | B8: 332000 | C8: 0.074
A9: 2004 | B9: 358000 | C9: 0.078
A10: 2005 | B10: 381500 | C10: 0.066
A11: 2006 | B11: 408000 | C11: 0.069
A12: 2007 | B12: 433700 | C12: 0.063
A13: 2008 | B13: 461500 | C13: 0.064
... A27: 2022 | B27: 1000000 | C27: 0.1007

Sheet FORMATO DE INGRESO
C2: LLENAR LAS SIGUIENTES CASILLAS PARA COMENZAR A EVALUAR
D3: INSTITUTO DISTRITAL DE PATRIMONIO CULTURAL
D4: IDPC-CMA-XXX-2022
C5: OBJETO: | D5: 638-REALIZAR LA INTERVENTORÍA INTEGRAL DEL CONTRATO CUYO OBJETO ES: "DISEÑOS Y ESTUDIOS TÉCNICOS REQUERIDOS PARA LA CONSTRUCCIÓN Y ACTIVACIÓN DEL PARQUE DE LA CALLE 26 LA RECONCILIACIÓN, UBICADO EN EL COSTADO OCCIDENTAL DEL CEMENTERIO CENTRAL DE BOGOTÁ"
C6: MODALIDAD: | D6: Concurso de Méritos
C7: PRESUPUESTO OFICIAL ESTIMADO: | D7: 195861725
C8: REQUISITO: (EXP. MÍNIMA HABILITANTE DEL PROPONENTE - Para Mipymes y empresas emprendimientos de mujeres | D8: En la ejecución de MAXIMO CINCO (05) CONTRATOS de interventoría a obras o consultorías o estudios y/o diseños que incluyan parques o plazas o plazoletas o alamedas o espacios urbanos cuya sumatoria de áreas intervenidas en los contratos allegados sean mayores o iguales a 10.000 m2. Nota 1: El proponente deberá obligatoriamente presentar UN (01) contrato cuyo objeto o alcance sea interventoría a contratos de consultoría en estudios y diseños de Parques o plazas o plazoletas o alamedas o espacios urbanos ya sea declarados como Bienes de Interés Cultural del orden Nacional, Departamental, Municipal o Distrital o en su área de influencia o afectada de acuerdo a lo establecido en la Ley General de Cultura y normas reglamentarias. Nota 2: La sumatoria del valor de los contratos aportados en SMMLV (cada uno según la equivalencia registrada en el RUP) debe ser igual o superior al ciento por ciento (100%) del presupuesto oficial estimado para este proceso de selección, en caso contrario la propuesta se evaluará como NO HABILITADA. Cada uno de los contratos debe estar registrado en el RUP e identificado en el Clasificador de Bienes y Servicios de las Naciones Unidas UNSPSC en el tercer nivel, en al menos TRES (03) de los códigos descritos en los pliegos de condiciones.
C9: REQUISITO: (EXP. MÍNIMA HABILITANTE DEL PROPONENTE -Para aquellos proponentes a los cuales no le sea aplicable los criterios habilitantes diferenciadores | D9: En la ejecución de MAXIMO TRES (03) CONTRATOS de interventoría a obras o consultorías o estudios y/o diseños que incluyan parques o plazas o plazoletas o alamedas o espacios urbanos cuya sumatoria de áreas intervenidas en los contratos allegados sean mayores o iguales a 10.000 m2. Nota 1: El proponente deberá obligatoriamente presentar UN (01) contrato cuyo objeto o alcance sea interventoría a contratos de consultoría en estudios y diseños de Parques o plazas o plazoletas o alamedas o espacios urbanos ya sea declarados como Bienes de Interés Cultural del orden Nacional, Departamental, Municipal o Distrital o en su área de influencia o afectada de acuerdo a lo establecido en la Ley General de Cultura y normas reglamentarias. Nota 2: La sumatoria del valor de los contratos aportados en SMMLV (cada uno según la equivalencia registrada en el RUP) debe ser igual o superior al ciento por ciento (100%) del presupuesto oficial estimado para este proceso de selección, en caso contrario la propuesta se evaluará como NO HABILITADA. Cada uno de los contratos debe estar registrado en el RUP e identificado en el Clasificador de Bienes y Servicios de las Naciones Unidas UNSPSC en el tercer nivel, en al menos TRES (03) de los códigos descritos en los pliegos de condiciones.
C10: PROPONENTE:

Sheet EXP. MÍN HAB PROP MIPYMES 
C2: =+'FORMATO DE INGRESO'!D3 -> INSTITUTO DISTRITAL DE PATRIMONIO CULTURAL
C3: PROCESO DE CONCURSO DE MÉRITOS No. IDPC-CMA-XXX-2022 | U3: uno
C4: FORMATO EXPERIENCIA DEL PROPONENTE MÍNIMA HABILITANTE | U4: dos
B5: PROCESO: | D5: Tipo: | E5: =+'FORMATO DE INGRESO'!D6 -> Concurso de Méritos | G5: Número de Proceso | H5: ='FORMATO DE INGRESO'!D4 -> IDPC-CMA-XXX-2022 | K5: Plataforma: | L5: Secop II | P5: FECHA EVALUACIÓN | R5: =TODAY() -> 44883 | U5: tres
B7: OBJETO: | D7: =+'FORMATO DE INGRESO'!D5 -> 638-REALIZAR LA INTERVENTORÍA INTEGRAL DEL CONTRATO CUYO OBJETO ES: "DISEÑOS Y ESTUDIOS TÉCNICOS REQUERIDOS PARA LA CONSTRUCCIÓN Y ACTIVACIÓN DEL PARQUE DE LA CALLE 26 LA RECONCILIACIÓN, UBICADO EN EL COSTADO OCCIDENTAL DEL CEMENTERIO CENTRAL DE BOGOTÁ"
B9: PROPONENTE (Persona Natural, Jurídica, Consorcio o Unión Temporal): | K9: MIEMBRO 1: | P9: PORCENTAJE DE PARTICIPACIÓN: | S9: 0
K10: MIEMBRO 2: | P10: PORCENTAJE DE PARTICIPACIÓN: | S10: 0
K11: MIEMBRO 3: | P11: PORCENTAJE DE PARTICIPACIÓN: | S11: 0
U12: smmv 2018 | V12: Equivalencia
B13: PRESUPUESTO OFICIAL ESTIMADO: | M13: =+'FORMATO DE INGRESO'!D7 -> 195861725 | Q13: PRESUPUESTO OFICIAL EN SMMLV - 2022 - 100%: | S13: =+M13/'HISTORICO SMMLV'!B27 -> 195.86173 | U13: 781242 | V13: =+M13/U13 -> 250.70558
B14: REQUISITO MIPYMES Y EMPRESAS EMPRENDIMIENTOS DE MUJERES: | D14: =+'FORMATO DE INGRESO'!D8 -> En la ejecución de MAXIMO CINCO (05) CONTRATOS de interventoría a obras o consultorías o estudios y/o diseños que incluyan parques o plazas o plazoletas o alamedas o espacios urbanos cuya sumatoria de áreas intervenidas en los contratos allegados sean mayores o iguales a 10.000 m2. Nota 1: El proponente deberá obligatoriamente presentar UN (01) contrato cuyo objeto o alcance sea interventoría a contratos de consultoría en estudios y diseños de Parques o plazas o plazoletas o alamedas o espacios urbanos ya sea declarados como Bienes de Interés Cultural del orden Nacional, Departamental, Municipal o Distrital o en su área de influencia o afectada de acuerdo a lo establecido en la Ley General de Cultura y normas reglamentarias. Nota 2: La sumatoria del valor de los contratos aportados en SMMLV (cada uno según la equivalencia registrada en el RUP) debe ser igual o superior al ciento por ciento (100%) del presupuesto oficial estimado para este proceso de selección, en caso contrario la propuesta se evaluará como NO HABILITADA. Cada uno de los contratos debe estar registrado en el RUP e identificado en el Clasificador de Bienes y Servicios de las Naciones Unidas UNSPSC en el tercer nivel, en al menos TRES (03) de los códigos descritos en los pliegos de condiciones.
B15: CÓDIGOS RUP: | D15: 93141713 | E15: 93141707 | F15: 80101604 | G15: 80101500 | H15: 72121400 | I15: 80101600 | T15: 72152900 | U15: 72153400 | V15: 72153600 | W15: 72153900 | X15: 72154000 | Y15: 80111617 | Z15: 80111618 | AA15: 81101500 | AB15: 93141707
B17: No. | C17: NÚMERO DEL CONTRATO REGISTRADO EN EL RUP (Incluir PAG.) | D17: ENTIDAD CONTRATANTE | E17: OBJETO DEL CONTRATO | G17: FECHA DE INICIO | H17: FECHA FINALIZACIÓN | I17: CODIGOS CLASIFICACIÓN UNSPSC | J17: NOMBRE PARTICIPANTE QUE APORTA LA EXPERIENCIA | L17: PORCENTAJE PARTICIPACION EN EL CONSORCIO O UNIÓN TEMPORAL | M17: VALOR TOTAL CONTRATO EN PESOS | N17: BIC | O17: ÁREA INTERVENIDA EN M2 | P17: AÑO DE FINALIZACIÓN DEL CONTRATO | Q17: SMMLV CORRESPONDIENTE SEGÚN AÑO DE FINALIZACIÓN | R17: VALOR DEL CONTRATO EN SMMLV X PORCENTAJE PARTICIPACIÓN | U17: 1091
B19: 1 | Q19: =LOOKUP(P19,'[2]HISTORICO SMMLV'!$C$2:$C$27) -> #N/A | R19: =(M19/Q19)*L19 -> #N/A | U19: =R19 -> #N/A
B22: 2 | Q22: =LOOKUP(P22,'[2]HISTORICO SMMLV'!$C$2:$C$27) -> #N/A | R22: =(M22/Q22)*L22 -> #N/A
B25: 3 | Q25: =LOOKUP(P25,'[2]HISTORICO SMMLV'!$C$2:$C$27) -> #N/A | R25: =(M25/Q25)*L25 -> #N/A
B28: 4 | Q28: =LOOKUP(P28,'[2]HISTORICO SMMLV'!$C$2:$C$27) -> #N/A | R28: =(M28/Q28)*L28 -> #N/A
B31: 5 | Q31: =LOOKUP(P31,'[2]HISTORICO SMMLV'!$C$2:$C$27) -> #N/A | R31: =(M31/Q31)*L31 -> #N/A
B34: SUMATORIA DE CONTRATOS APORTADOS. SMMLV | Q34: =SUM(R19:S33) -> #N/A | U34: =SUM(U19:U19) -> #N/A | V34: =SUM(#REF!) -> #REF! | W34: =SUM(#REF!) -> #REF!
U37: 1091
U39: =R39 -> 0
B40: FRIMA DE LA PERSONA NATURAL, JURIDICA, CONSORCIO O UNION TEMPORAL

Sheet EXP. MÍN HAB PROP
C2: =+'FORMATO DE INGRESO'!D3 -> INSTITUTO DISTRITAL DE PATRIMONIO CULTURAL
C3: PROCESO DE CONCURSO DE MÉRITOS No. IDPC-CMA-XXX-2022 | U3: uno
C4: FORMATO EXPERIENCIA DEL PROPONENTE MÍNIMA HABILITANTE | U4: dos
B5: PROCESO: | D5: Tipo: | E5: =+'FORMATO DE INGRESO'!D6 -> Concurso de Méritos | G5: Número de Proceso | H5: ='FORMATO DE INGRESO'!D4 -> IDPC-CMA-XXX-2022 | K5: Plataforma: | L5: Secop II | P5: FECHA EVALUACIÓN | R5: =TODAY() -> 44883 | U5: tres
B7: OBJETO: | D7: =+'FORMATO DE INGRESO'!D5 -> 638-REALIZAR LA INTERVENTORÍA INTEGRAL DEL CONTRATO CUYO OBJETO ES: "DISEÑOS Y ESTUDIOS TÉCNICOS REQUERIDOS PARA LA CONSTRUCCIÓN Y ACTIVACIÓN DEL PARQUE DE LA CALLE 26 LA RECONCILIACIÓN, UBICADO EN EL COSTADO OCCIDENTAL DEL CEMENTERIO CENTRAL DE BOGOTÁ"
B9: PROPONENTE (Persona Natural, Jurídica, Consorcio o Unión Temporal): | K9: MIEMBRO 1: | P9: PORCENTAJE DE PARTICIPACIÓN: | S9: 0
K10: MIEMBRO 2: | P10: PORCENTAJE DE PARTICIPACIÓN: | S10: 0
K11: MIEMBRO 3: | P11: PORCENTAJE DE PARTICIPACIÓN: | S11: 0
U12: smmv 2018 | V12: Equivalencia
B13: PRESUPUESTO OFICIAL ESTIMADO: | M13: =+'FORMATO DE INGRESO'!D7 -> 195861725 | Q13: PRESUPUESTO OFICIAL EN SMMLV - 2022 - 100%: | S13: =+M13/'HISTORICO SMMLV'!B27 -> 195.86173 | U13: 781242 | V13: =+M13/U13 -> 250.70558
B14: REQUISITO MIPYMES Y EMPRESAS EMPRENDIMIENTOS DE MUJERES: | D14: =+'FORMATO DE INGRESO'!D9 -> En la ejecución de MAXIMO TRES (03) CONTRATOS de interventoría a obras o consultorías o estudios y/o diseños que incluyan parques o plazas o plazoletas o alamedas o espacios urbanos cuya sumatoria de áreas intervenidas en los contratos allegados sean mayores o iguales a 10.000 m2. Nota 1: El proponente deberá obligatoriamente presentar UN (01) contrato cuyo objeto o alcance sea interventoría a contratos de consultoría en estudios y diseños de Parques o plazas o plazoletas o alamedas o espacios urbanos ya sea declarados como Bienes de Interés Cultural del orden Nacional, Departamental, Municipal o Distrital o en su área de influencia o afectada de acuerdo a lo establecido en la Ley General de Cultura y normas reglamentarias. Nota 2: La sumatoria del valor de los contratos aportados en SMMLV (cada uno según la equivalencia registrada en el RUP) debe ser igual o superior al ciento por ciento (100%) del presupuesto oficial estimado para este proceso de selección, en caso contrario la propuesta se evaluará como NO HABILITADA. Cada uno de los contratos debe estar registrado en el RUP e identificado en el Clasificador de Bienes y Servicios de las Naciones Unidas UNSPSC en el tercer nivel, en al menos TRES (03) de los códigos descritos en los pliegos de condiciones.
B15: CÓDIGOS RUP: | D15: 93141713 | E15: 93141707 | F15: 80101604 | G15: 80101500 | H15: 72121400 | I15: 80101600 | T15: 72152900 | U15: 72153400 | V15: 72153600 | W15: 72153900 | X15: 72154000 | Y15: 80111617 | Z15: 80111618 | AA15: 81101500 | AB15: 93141707
B17: No. | C17: NÚMERO DEL CONTRATO REGISTRADO EN EL RUP (Incluir PAG.) | D17: ENTIDAD CONTRATANTE | E17: OBJETO DEL CONTRATO | G17: FECHA DE INICIO | H17: FECHA FINALIZACIÓN | I17: CODIGOS CLASIFICACIÓN UNSPSC | J17: NOMBRE PARTICIPANTE QUE APORTA LA EXPERIENCIA | L17: PORCENTAJE PARTICIPACION EN EL CONSORCIO O UNIÓN TEMPORAL | M17: VALOR TOTAL CONTRATO EN PESOS | N17: BIC | O17: ÁREA INTERVENIDA EN M2 | P17: AÑO DE FINALIZACIÓN DEL CONTRATO | Q17: SMMLV CORRESPONDIENTE SEGÚN AÑO DE FINALIZACIÓN | R17: VALOR DEL CONTRATO EN SMMLV X PORCENTAJE PARTICIPACIÓN | U17: 1091
B19: 1 | Q19: =LOOKUP(P19,'[2]HISTORICO SMMLV'!$C$2:$C$27) -> #N/A | R19: =(M19/Q19)*L19 -> #N/A | U19: =R19 -> #N/A
B22: 2 | Q22: =LOOKUP(P22,'[2]HISTORICO SMMLV'!$C$2:$C$27) -> #N/A | R22: =(M22/Q22)*L22 -> #N/A
B25: 3 | Q25: =LOOKUP(P25,'[2]HISTORICO SMMLV'!$C$2:$C$27) -> #N/A | R25: =(M25/Q25)*L25 -> #N/A
B28: 4 | Q28: =LOOKUP(P28,'[2]HISTORICO SMMLV'!$C$2:$C$27) -> #N/A | R28: =(M28/Q28)*L28 -> #N/A
B31: 5 | Q31: =LOOKUP(P31,'[2]HISTORICO SMMLV'!$C$2:$C$27) -> #N/A | R31: =(M31/Q31)*L31 -> #N/A
B34: SUMATORIA DE CONTRATOS APORTADOS. SMMLV | Q34: =SUM(R19:S33) -> #N/A | U34: =SUM(U19:U19) -> #N/A | V34: =SUM(#REF!) -> #REF! | W34: =SUM(#REF!) -> #REF!
U37: 1091
U39: =R39 -> 0
B40: FRIMA DE LA PERSONA NATURAL, JURIDICA, CONSORCIO O UNION TEMPORAL
